 Dungeon Crawl Stone Soup version 0.22-a0-877-g5c4e1af (webtiles) character file.

11 Amnesiac the Digger (level 2, -1/19 HPs)
             Began as a Mummy Earth Elementalist on July 29, 2018.
             Slain by Crazy Yiuf
             ... wielding a +4 quarterstaff of chaos
              (3 damage)
             ... on level 4 of the Dungeon.
             The game lasted 00:01:31 (622 turns).

Amnesiac the Digger (Mummy Earth Elementalist)       Turns: 622, Time: 00:01:32

Health: -1/19      AC:  5    Str: 11    XL:     2   Next: 13%
Magic:  0/5        EV: 11    Int: 14    God:
Gold:   54         SH:  0    Dex: 12    Spells: 3/6 levels left

rFire    . . .     SeeInvis .   g - +0 halberd
rCold    + . .     Gourm    .   (shield currently unavailable)
rNeg     + + +     Faith    .   h - +2 leather armour {rF+}
rPois    ∞         Spirit   .   (no helmet)
rElec    .         Reflect  .   (no cloak)
rCorr    .         Harm     .   (no gloves)
MR       .....                  (no boots)
Stlth    +.........             (no amulet)
HPRegen  0.06/turn              (no ring)
MPRegen  0.09/turn              (no ring)

@: no status effects
A: no food or potions, fire vulnerability, cold resistance 1, negative energy
resistance 3, torment resistance, unbreathing
a: no special abilities


You were on level 4 of the Dungeon.
You were not hungry.

You visited 1 branch of the dungeon, and saw 5 of its levels.

You collected 54 gold pieces.

Inventory:

Hand Weapons
 g - a +0 halberd (weapon)
Missiles
 b - 76 stones (quivered)
 d - 5 javelins
Armour
 h - a +2 leather armour of fire resistance (worn)
Scrolls
 a - a scroll of random uselessness {!r, unknown}
 e - 2 scrolls of immolation {!r, unknown}
 f - a scroll of remove curse {!r, unknown}


   Skills:
 - Level 1.5 Dodging
 - Level 1.5 Stealth
 + Level 2.8 Spellcasting
 - Level 0.7 Transmutations
 * Level 2.9 Earth Magic


You had 3 spell levels left.
You knew the following spells:

 Your Spells              Type           Power        Failure   Level  Hunger
a - Sandblast             Erth           ##....       9%          1    N/A
b - Passwall              Tmut/Erth      #.......     21%         2    N/A

Your spell library contained the following spells:

 Spells                   Type           Power        Failure   Level  Hunger
 Stone Arrow              Conj/Erth      #.....       43%         3    N/A
 Lee's Rapid Deconstruct  Erth           ##........   93%         5    N/A
 Petrify                  Tmut/Erth      #.......     80%         4    N/A

Dungeon Overview and Level Annotations

Branches:
Dungeon (5/15)
 Temple: D:4-7

Altars:

Annotations:
D:4 2 runed doors, exclusion: downstairs, Crazy Yiuf; Deathmic's ghost, amateur HOFi


Innate Abilities, Weirdness & Mutations

You do not eat or drink.
Your flesh is vulnerable to fire.
You are immune to poison.
Your flesh is cold resistant. (rC+)
You are immune to negative energy. (rN+++)
You are immune to unholy pain and torment.
You can survive without breathing.


Message History

Confirm with . or Enter, or press ? or * to list all spells.
You can't see any susceptible monsters within range! (Use Z to cast anyway.)
Casting: Sandblast (safe; 9% risk of failure)
Confirm with . or Enter, or press ? or * to list all spells.
Aiming: Sandblast (safe; 9% risk of failure)
Press: ? - help, Shift-Dir - straight line, f - Crazy Yiuf
Aim: Crazy Yiuf, wielding a quarterstaff of chaos and wearing an embroidered cloak (fast)
The blast of sand hits Crazy Yiuf.
Crazy Yiuf is lightly wounded.
b - 80 stones
Casting: Sandblast (safe; 9% risk of failure)
Confirm with . or Enter, or press ? or * to list all spells.
Aiming: Sandblast (safe; 9% risk of failure)
Press: ? - help, Shift-Dir - straight line, f/p - Crazy Yiuf
Aim: Crazy Yiuf, wielding a quarterstaff of chaos and wearing an embroidered cloak (lightly wounded, fast)
The blast of sand misses Crazy Yiuf.
b - 79 stones
Casting: Sandblast (safe; 9% risk of failure)
Confirm with . or Enter, or press ? or * to list all spells.
Aiming: Sandblast (safe; 9% risk of failure)
Press: ? - help, Shift-Dir - straight line, f/p - Crazy Yiuf
Aim: Crazy Yiuf, wielding a quarterstaff of chaos and wearing an embroidered cloak (lightly wounded, fast)
The blast of sand hits Crazy Yiuf.
Crazy Yiuf is lightly wounded.
b - 78 stones Crazy Yiuf cries, "Pitchfork!
Shadow unthinkable illywillydillykilly."
Crazy Yiuf barely misses you.
Crazy Yiuf hits you with a quarterstaff of chaos.
Crazy Yiuf burns you.
Casting: Sandblast (safe; 9% risk of failure)
Confirm with . or Enter, or press ? or * to list all spells.
Aiming: Sandblast (safe; 9% risk of failure)
Press: ? - help, Shift-Dir - straight line, f/p - Crazy Yiuf
Aim: Crazy Yiuf, wielding a quarterstaff of chaos and wearing an embroidered cloak (lightly wounded, fast)
The blast of sand hits Crazy Yiuf.
Crazy Yiuf is moderately wounded.
b - 77 stones Crazy Yiuf hits you with a quarterstaff of chaos!
* * * LOW HITPOINT WARNING * * *
Crazy Yiuf burns you.
* * * LOW HITPOINT WARNING * * *
Casting: Sandblast (safe; 9% risk of failure)
Confirm with . or Enter, or press ? or * to list all spells.
Aiming: Sandblast (safe; 9% risk of failure)
Press: ? - help, Shift-Dir - straight line, f/p - Crazy Yiuf
Aim: Crazy Yiuf, wielding a quarterstaff of chaos and wearing an embroidered cloak (moderately wounded, fast)
The blast of sand hits Crazy Yiuf.
Crazy Yiuf is heavily wounded.
b - 76 stones Crazy Yiuf barely misses you.
Crazy Yiuf laughs, "Ghoul!"
Crazy Yiuf barely misses you.
Casting: Sandblast (safe; 9% risk of failure)
Confirm with . or Enter, or press ? or * to list all spells.
You don't have enough magic to cast that spell.
Unknown command.
Evoke which item? (* to show all) (? for menu, Esc to quit)
Okay, then.
You barely miss Crazy Yiuf.
Crazy Yiuf is heavily wounded.
Crazy Yiuf barely misses you.
Crazy Yiuf whimpers, "Gum snockshim sing-song!"
Crazy Yiuf hits you with a quarterstaff of chaos.
You die...

### #.# #.# ########.#
##.....##.##♣♣ ###
...........#)♣♣ ♣♣#..)#
##.###.#....♣.♣♣♣♣.'...#
...###.##...)..♣@g♣#...#
....##.....#..♣.♣♣♣ ###
##....###.##♣♣♣♣♣ .#..#.
#.# ....... ..#
.#.######## .......
...## [###### ##


You could see Crazy Yiuf.

Vanquished Creatures
  A leopard gecko (D:4)
  A giant cockroach (D:4)
  3 jackals (D:1)
  2 kobolds (D:2)
  A bat (D:2)
  A frilled lizard (D:1)
9 creatures vanquished.

Notes
Turn   | Place    | Note
-------+----------+-------------------------------------------
     0 | D:1      | Amnesiac the Mummy Earth Elementalist began the quest for the Orb.
     0 | D:1      | Reached XP level 1. HP: 13/13 MP: 4/4
   417 | D:4      | Reached XP level 2. HP: 19/19 MP: 5/5
   422 | D:4      | Learned a level 2 spell: Passwall
   431 | D:4      | Found a large runed door.
   431 | D:4      | Found a large runed door.
   432 | D:4      | Noticed Deathmic's ghost (amateur HOFi)
   567 | D:5      | Entered Level 5 of the Dungeon
   567 | D:5      | Noticed a centaur
   610 | D:4      | Found a runed door.
   614 | D:4      | Noticed Crazy Yiuf
   622 | D:4      | Slain by Crazy Yiuf

Vault maps used:
D:1:      evilmike_arrival_rings, serial_bayou, serial_bayou_ford_a,
          serial_bayou_pond_b, serial_bayou_pond_d, serial_bayou_crossing
D:2:      okawaru_ov_weapons_minmay, uniq_robin
D:3:      first_ration, gup_sewer_entry_bowl
D:4:      ebering_ghost_disaster_area, uniq_crazy_yiuf_cottage
D:5:      hangedman_ru_absence, old_standard_altar, overflow_temple_1_default

Action                   || total
-------------------------++-------
Melee: Unarmed           ||     5
       Halberd           ||     3
 Cast: Sandblast         ||    16
 Stab: Sleeping          ||     1
Armor: Robe              ||     5
Dodge: Dodged            ||    16

Table legend:
 A = Spawn XP
 B = Non-spawn XP
 C = Spawn XP percentage of total XP
 D = Spawn monster count
 E = Non-spawn monster count
 F = Spawn count percentage of total count
 G = Total turns spent on level
                    A         B        C        D         E        F      G
               +---------+---------+-------+---------+---------+-------+---------
         Total |       0 |      16 |   0.0 |       0 |       9 |   0.0 |   622
               +---------+---------+-------+---------+---------+-------+---------
           D:1 |       0 |       7 |   0.0 |       0 |       4 |   0.0 |   247
           D:2 |       0 |       4 |   0.0 |       0 |       3 |   0.0 |   146
           D:4 |       0 |       5 |   0.0 |       0 |       2 |   0.0 |   214
               +---------+---------+-------+---------+---------+-------+---------
